cohdb
Replays
Latest Replays
All Replays
Popular Replays
Top Player Replays
Match Explorer
How It Works
Community
CoH3 Stats
Reddit
Sign in to upload your games and track your stats! →
Sign in with Steam
Match 42935153
Unlisted
Match 42935153
Overview
Messages
Build Orders
End
Selects Armored Battlegroup
Selects Assault Engineers
Assault Engineer Squad
Assault Engineer Squad
Construct Barracks
M1 Mortar Team
Riflemen Squad
Construct Medical Station
Mechanized Support Center
M1 Mortar Team
Selects Fast Deploy
Assault Engineer Squad
Construct Weapon Support Center
Bazooka Squad
Bazooka Squad
Assault Engineer Squad
Scout Squad
M1919 Machine Gun Team
AI Takeover
KushLord
Guderian ITA
0
0
Comments
sign in to comment!
No comments posted yet!